[Event "360 One Wealth GP-4 2024"]
[Site "Mumbai"]
[Date "2024.03.16"]
[Round "6.12"]
[White "Kolumum Raja, Aravind"]
[Black "Parv H Hakani"]
[Result "1-0"]
[ECO "D40"]
[WhiteElo "1896"]
[BlackElo "1518"]
[Annotator "NA RC"]
[PlyCount "39"]
[EventDate "2024.03.10"]
[EventCountry "IND"]
[SourceTitle "playchess.com"]
[Source "ChessBase"]
[SourceQuality "1"]
[TimeControl "5400+30"]

1. d4 d5 2. c4 e6 3. Nf3 c5 4. e3 Nc6 5. Nc3 Nf6 6. Bd3 a6 7. O-O dxc4 8. Bxc4 b5 9. Bd3 cxd4 10. exd4 Bd6 11. Bg5 Bb7 12. d5 exd5 13. Re1+ Be7 14. Bxf6 gxf6 15. Bf5 Na5 16. Qd4 O-O 17. Qg4+ Kh8 18. Qh5 h6 19. Qxh6+ Kg8 20. Qh7# 1-0

[Event "360 One Wealth GP-4 2024"]
[Site "Mumbai"]
[Date "2024.03.16"]
[Round "6.13"]
[White "Soni Deepak R"]
[Black "Prabhakar Aariv"]
[Result "1-0"]
[ECO "B07"]
[WhiteElo "1681"]
[BlackElo "1509"]
[Annotator "NA RC"]
[PlyCount "89"]
[EventDate "2024.03.10"]
[EventCountry "IND"]
[SourceTitle "playchess.com"]
[Source "ChessBase"]
[SourceQuality "1"]
[TimeControl "5400+30"]

1. d4 Nf6 2. Bf4 g6 3. Nc3 Bg7 4. e4 d6 5. Qd2 Nbd7 6. f3 e5 7. dxe5 dxe5 8. Bh6 O-O 9. O-O-O c6 10. h4 b5 11. g4 Bxh6 12. Qxh6 Qe7 13. h5 Nc5 14. hxg6 fxg6 15. Nh3 Ne6 16. Rd2 a5 17. Rdh2 a4 18. Kb1 Bd7 19. Ng5 Nxg5 20. Qxg5 Rf7 21. Nd1 b4 22. Ne3 Be6 23. Nf5 Bxf5 24. gxf5 Rg7 25. Bc4+ Kf8 26. Rh6 Nh5 27. Qxe7+ Kxe7 28. R1xh5 gxf5 29. Rxh7 Rxh7 30. Rxh7+ Kd6 31. exf5 Kc5 32. Be6 Rd8 33. Rd7 Rh8 34. Rd1 Rh3 35. f6 Rxf3 36. f7 e4 37. Kc1 e3 38. Re1 Kd6 39. Rxe3 Rf1+ 40. Kd2 Rf6 41. Bc4 Kc5 42. b3 Kd4 43. Re8 Rf2+ 44. Ke1 Rxc2 45. f8=Q 1-0

[Event "360 One Wealth GP-4 2024"]
[Site "Mumbai"]
[Date "2024.03.16"]
[Round "6.14"]
[White "Pawar Sohum"]
[Black "Yuvraj Avadhesh Pratap Singh"]
[Result "1-0"]
[ECO "B53"]
[WhiteElo "1657"]
[BlackElo "1447"]
[Annotator "NA RC"]
[PlyCount "107"]
[EventDate "2024.03.10"]
[EventCountry "IND"]
[SourceTitle "playchess.com"]
[Source "ChessBase"]
[SourceQuality "1"]
[TimeControl "5400+30"]

1. e4 c5 2. Nf3 d6 3. d4 cxd4 4. Qxd4 Nc6 5. Bb5 Bd7 6. Bxc6 Bxc6 7. Nc3 e5 8. Qd3 Nf6 9. Bg5 Be7 10. O-O-O Qc7 11. Bxf6 gxf6 12. Nh4 O-O-O 13. Nf5 Rd7 14. Nxe7+ Rxe7 15. Qxd6 Qxd6 16. Rxd6 Re6 17. Rhd1 Kc7 18. R6d3 Rg8 19. g3 Rg5 20. Nd5+ Kc8 21. Rf3 b6 22. Nxf6 Rg6 23. Nd5 Be8 24. Rc3+ Kb7 25. Nc7 Re7 26. Nxe8 Rxe8 27. Rd7+ Ka6 28. Ra3+ Kb5 29. Raxa7 Rg4 30. f3 Rg6 31. Rxf7 Rh6 32. Rxh7 Rf6 33. Raf7 Rd6 34. Rd7 Rf6 35. Rhf7 Rh6 36. h4 Rg8 37. g4 Rxh4 38. Rh7 Rh8 39. Rxh8 Rxh8 40. Rd5+ Kc4 41. Rxe5 b5 42. Rh5 Rf8 43. Rh3 b4 44. g5 Ra8 45. g6 b3 46. axb3+ Kd4 47. Kd2 Rd8 48. g7 Ke5+ 49. Ke3 Rg8 50. Rg3 Kf6 51. f4 Kf7 52. e5 Ke7 53. f5 Kf7 54. f6 1-0

[Event "360 One Wealth GP-4 2024"]
[Site "Mumbai"]
[Date "2024.03.16"]
[Round "6.15"]
[White "Aabha Milind Gavkar"]
[Black "Nirvaan Nirav Shah"]
[Result "0-1"]
[ECO "B90"]
[WhiteElo "1513"]
[BlackElo "1625"]
[Annotator "NA RC"]
[PlyCount "76"]
[EventDate "2024.03.10"]
[EventCountry "IND"]
[SourceTitle "playchess.com"]
[Source "ChessBase"]
[SourceQuality "1"]
[TimeControl "5400+30"]

1. e4 c5 2. Nf3 d6 3. d4 cxd4 4. Nxd4 Nf6 5. Nc3 a6 6. f3 e5 7. Nb3 b5 8. a3 Bb7 9. Bg5 Be7 10. Qd3 Nbd7 11. Rd1 h6 12. Be3 Qc7 13. Be2 Rd8 14. Nd5 Nxd5 15. exd5 Rc8 16. Rd2 Nf6 17. O-O Nxd5 18. g3 Nxe3 19. Qxe3 O-O 20. h4 d5 21. c3 Bd6 22. Kg2 f5 23. Qf2 f4 24. g4 Qd7 25. Rfd1 Qe6 26. Qb6 Ba8 27. Qxa6 d4 28. Kh2 Rc6 29. Qa7 Qxb3 30. cxd4 e4 31. Kg2 exf3+ 32. Bxf3 Rc7 33. Qxa8 Rxa8 34. Bxa8 Qg3+ 35. Kh1 f3 36. Bd5+ Kh8 37. Be6 f2 38. g5 Qh2# 0-1

[Event "360 One Wealth GP-4 2024"]
[Site "Mumbai"]
[Date "2024.03.17"]
[Round "7.1"]
[White "Guru Prakash"]
[Black "Kulkarni, Vikramaditya"]
[Result "0-1"]
[ECO "B13"]
[WhiteElo "1794"]
[BlackElo "2192"]
[Annotator "RC"]
[PlyCount "84"]
[EventDate "2024.03.10"]
[EventCountry "IND"]
[SourceTitle "playchess.com"]
[Source "ChessBase"]
[SourceQuality "1"]
[TimeControl "5400+30"]

1. e4 g6 2. d4 Bg7 3. Nf3 d6 4. Bc4 c6 5. O-O d5 6. exd5 cxd5 7. Bd3 Bg4 8. c3 Bxf3 9. Qxf3 Nf6 10. Nd2 O-O 11. Qe2 Qd6 12. Nf3 Nfd7 13. Re1 Nc6 14. b4 a6 15. a4 Rfe8 16. b5 axb5 17. Bxb5 Qc7 18. Qa2 Nb6 19. Be3 Red8 20. Qd2 Nc4 21. Bxc4 dxc4 22. Bh6 Na5 23. Bxg7 Kxg7 24. Qg5 e6 25. Nd2 Rd5 26. Qg3 Qd7 27. Reb1 e5 28. Nf3 Nb3 29. Nxe5 Qf5 30. Nxc4 Nxa1 31. Rf1 Rxa4 32. Nb6 Ra3 33. Nxd5 Qxd5 34. Qc7 Nb3 35. h3 Nd2 36. Re1 Nc4 37. Qg3 b5 38. Re8 b4 39. Qb8 Ra1+ 40. Kh2 Qd6+ 41. Qxd6 Nxd6 42. Rd8 bxc3 0-1

[Event "360 One Wealth GP-4 2024"]
[Site "Mumbai"]
[Date "2024.03.17"]
[Round "7.2"]
[White "Soni Atharv"]
[Black "Arnav Mahesh Koli"]
[Result "1-0"]
[ECO "B52"]
[WhiteElo "1684"]
[BlackElo "1857"]
[Annotator "NA RC"]
[PlyCount "131"]
[EventDate "2024.03.10"]
[EventCountry "IND"]
[SourceTitle "playchess.com"]
[Source "ChessBase"]
[SourceQuality "1"]
[TimeControl "5400+30"]

1. e4 c5 2. Nf3 d6 3. Bb5+ Bd7 4. Bxd7+ Qxd7 5. O-O g6 6. c4 Bg7 7. d4 cxd4 8. Nxd4 Nf6 9. Nc3 Nc6 10. Be3 Ng4 {[%emt 0:09:14] B52: Sicilian: Moscow Variation with 3...Bd7.} 11. Nxc6 Nxe3 12. fxe3 bxc6 13. Qd3 O-O 14. Rac1 Kh8 (14... Qe6 $15 {feels stronger.}) 15. Rc2 e5 ({Black should try} 15... Rab8 $15) 16. c5 Rad8 17. Rd2 f5 (17... Rfe8 $14) 18. cxd6 Rf6 19. Qc2 Bh6 20. Rf3 f4 $1 21. exf4 Bxf4 22. Rdd3 Rxd6 23. Rxd6 Qxd6 24. g3 Qd4+ 25. Kg2 Bh6 26. Rf2 Be3 27. Re2 Rf8 28. Nd1 Bh6 (28... Bg5 $11) 29. Nf2 c5 30. Nd3 c4 31. Ne1 Qc5 32. Nf3 Qc7 33. Qc3 Bg7 34. b3 Rc8 35. Rc2 Qb7 36. Nd2 Rc5 37. bxc4 Bh6 38. Qd3 Rc7 39. Nf3 Rd7 40. Qc3 Qxe4 41. Qxe5+ Qxe5 42. Nxe5 Re7 43. Nc6 Rc7 44. Nb4 Kg7 (44... Bf8 $18 45. Nd3 Kg7) 45. Kf3 Kf7 46. Ke4 Ke6 47. c5 Bf8 48. Kd4 a5 49. Nd5 Rc6 50. Nf4+ Kd7 $18 51. Kd5 Bh6 52. Nd3 Rf6 53. Rf2 Rxf2 54. Nxf2 Be3 55. Ng4 Bg1 56. Nf6+ Ke7 57. c6 Bb6 58. Nxh7 Bc7 59. Ng5 Kf6 60. Ne6 Be5 61. c7 Bxc7 62. Nxc7 Kg5 63. Ke5 Kg4 64. Kf6 g5 65. Ne6 Kh3 66. Kxg5 1-0

[Event "360 One Wealth GP-4 2024"]
[Site "Mumbai"]
[Date "2024.03.17"]
[Round "7.3"]
[White "Arjun Singh"]
[Black "Ram Vishal Parab"]
[Result "0-1"]
[ECO "C84"]
[WhiteElo "1602"]
[BlackElo "1807"]
[Annotator "NA RC"]
[PlyCount "86"]
[EventDate "2024.03.10"]
[EventCountry "IND"]
[SourceTitle "playchess.com"]
[Source "ChessBase"]
[SourceQuality "1"]
[TimeControl "5400+30"]

1. e4 e5 2. Nf3 Nc6 3. Bb5 a6 4. Ba4 Nf6 5. O-O Be7 6. d3 b5 7. Bb3 d6 8. a4 b4 9. a5 O-O 10. Nbd2 Be6 {[%emt 0:01:02] C84: Closed Ruy Lopez: Unusual White 6th moves.} 11. Nc4 Nd7 12. Be3 Bf6 13. c3 bxc3 14. bxc3 Rb8 15. Ncd2 Bxb3 16. Nxb3 Ne7 17. d4 d5 18. Nfd2 exd4 19. Bxd4 Bxd4 20. cxd4 dxe4 21. Nxe4 Nd5 22. Nbc5 Nxc5 23. Nxc5 Qd6 24. Qd3 Nf4 25. Qc4 Rb5 26. g3 Nh3+ 27. Kg2 Ng5 28. Rfc1 Qf6 29. f4 Rb2+ 30. Rc2 Rxc2+ 31. Qxc2 Qc6+ $19 (31... Qxd4 $2 {loses.} 32. Rd1 Qe3 (32... Qf6 $2 33. Nd7 $18) 33. fxg5 $18) 32. Kf1 Qh1+ 33. Ke2 Qxa1 34. fxg5 Qxd4 35. Nxa6 Re8+ 36. Kf1 Qa1+ 37. Kg2 Qe1 38. Qc4 Re2+ 39. Kh3 Qf1+ 40. Kg4 Qd1 41. Kh3 Qd7+ 42. g4 Re3+ 43. Kh4 Qd2 0-1

[Event "360 One Wealth GP-4 2024"]
[Site "Mumbai"]
[Date "2024.03.17"]
[Round "7.4"]
[White "Shah Mihir"]
[Black "Vivek Ashok Jadhav"]
[Result "1-0"]
[ECO "B76"]
[WhiteElo "1764"]
[BlackElo "1559"]
[Annotator "NA RC"]
[PlyCount "49"]
[EventDate "2024.03.10"]
[EventCountry "IND"]
[SourceTitle "playchess.com"]
[Source "ChessBase"]
[SourceQuality "1"]
[TimeControl "5400+30"]

1. e4 c5 2. Nf3 d6 3. d4 cxd4 4. Nxd4 Nf6 5. Nc3 a6 6. Be3 g6 7. f3 Bg7 8. Qd2 O-O 9. O-O-O b5 10. Bh6 Bb7 11. h4 Nc6 12. Nxc6 Bxc6 13. h5 Bxh6 14. Qxh6 Qa5 15. Kb1 b4 16. Nd5 Bxd5 17. exd5 g5 18. Qxg5+ Kh8 19. Rh4 Rac8 20. Rhd4 Qb6 21. g4 a5 22. Qf4 Nd7 23. Bd3 Ne5 24. Bf5 Ng6 25. Qh6 1-0

[Event "360 One Wealth GP-4 2024"]
[Site "Mumbai"]
[Date "2024.03.17"]
[Round "7.5"]
[White "Iyer Arvind"]
[Black "Isaiah Chris Nazareth"]
[Result "1-0"]
[ECO "B22"]
[WhiteElo "1897"]
[BlackElo "1698"]
[Annotator "NA RC"]
[PlyCount "93"]
[EventDate "2024.03.10"]
[EventCountry "IND"]
[SourceTitle "playchess.com"]
[Source "ChessBase"]
[SourceQuality "1"]
[TimeControl "5400+30"]

1. e4 c5 2. c3 d5 3. exd5 Qxd5 4. d4 Nc6 5. Nf3 Bf5 6. Be3 O-O-O {[%emt 0:02:04] B22: Sicilian: 2 c3.} 7. Be2 cxd4 8. cxd4 Bxb1 9. Qxb1 e6 10. O-O h6 {[%emt 0:00:41] [#]} (10... Kb8 $142 11. b4 Qd7) 11. b4 $1 Bxb4 {[%emt 0:07:24] [#]} 12. Ne5 $1 Nxd4 $2 (12... Nge7 13. Bf3 (13. Nxf7 Bc3 $18) 13... Qa5 14. Nxf7 Rhf8) 13. Bxd4 Qxd4 14. Nxf7 Nf6 15. Rd1 Qb6 16. Nxd8 Rxd8 17. Rxd8+ Kxd8 18. a3 Bc5 19. Qxb6+ axb6 20. Bf3 Nd5 21. Rd1 Bxa3 22. Bxd5 exd5 23. Rxd5+ Ke7 24. Kf1 Ke6 25. Rd8 Bd6 26. h3 b5 27. Ke2 b4 28. Kd3 b6 29. Rg8 Kf7 30. Ra8 Bc5 31. f4 Kf6 32. g4 Ke6 33. Rg8 Kf7 34. Rc8 Kf6 35. Rc6+ Kf7 36. f5 Ke7 37. Kc4 Kf7 38. h4 Ke7 39. g5 hxg5 40. hxg5 Kf7 41. Rc7+ Kf8 42. g6 Kg8 43. Rc8+ Bf8 44. Rb8 b3 45. Kxb3 b5 46. Kc3 b4+ 47. Kb3 1-0

[Event "360 One Wealth GP-4 2024"]
[Site "Mumbai"]
[Date "2024.03.17"]
[Round "7.6"]
[White "Mishra Sanjeev"]
[Black "Boricha Yohan"]
[Result "1-0"]
[ECO "B31"]
[WhiteElo "1833"]
[BlackElo "1840"]
[Annotator "NA RC"]
[PlyCount "39"]
[EventDate "2024.03.10"]
[EventCountry "IND"]
[SourceTitle "playchess.com"]
[Source "ChessBase"]
[SourceQuality "1"]
[TimeControl "5400+30"]

1. e4 c5 2. Nf3 Nc6 3. Bb5 g6 4. O-O Nf6 5. Re1 Bg7 6. c3 Qb6 {[%emt 0:01:09] B31: Sicilian: 2...Nc6 3 Bb5 g6.} 7. a4 a6 8. Bxc6 Qxc6 9. e5 Nd5 10. d4 cxd4 11. Nxd4 Qc7 12. Nf3 e6 13. Nbd2 O-O 14. a5 (14. c4 $16 Nb4 15. Ne4) 14... b6 15. axb6 Nxb6 16. Ne4 Nc4 17. Bf4 Bb7 18. b3 Nxe5 19. Nxe5 Bxe5 $18 (19... Bxe4 {keeps fighting.} 20. Rxe4 d5) 20. Nf6+ 1-0

[Event "360 One Wealth GP-4 2024"]
[Site "Mumbai"]
[Date "2024.03.17"]
[Round "7.7"]
[White "Kolumum Raja, Aravind"]
[Black "Kapadi Yash"]
[Result "1/2-1/2"]
[ECO "A58"]
[WhiteElo "1896"]
[BlackElo "1779"]
[Annotator "NA RC"]
[PlyCount "81"]
[EventDate "2024.03.10"]
[EventCountry "IND"]
[SourceTitle "playchess.com"]
[Source "ChessBase"]
[SourceQuality "1"]
[TimeControl "5400+30"]

1. d4 Nf6 2. c4 c5 3. d5 b5 4. cxb5 a6 5. bxa6 g6 6. g3 d6 7. Bg2 Bxa6 8. Nc3 Bg7 9. Nf3 O-O 10. O-O Nbd7 11. Re1 Qa5 {[%emt 0:00:36] is the legacy move (11...Qb6).} 12. Qc2 Rfb8 {[%emt 0:01:27] A58: Benko/Volga Gambit: Lines with 5 bxa6.} 13. Bd2 Ng4 (13... Qb6 $1 $11) 14. h3 Nge5 15. Nxe5 Nxe5 16. Ne4 $146 ({Predecessor:} 16. b3 c4 17. f4 Nd7 18. e4 Bd4+ 19. Kh2 cxb3 20. axb3 Qb4 21. Ne2 Rc8 22. Bxb4 Rxc2 23. Nxd4 Rd2 24. Bxd2 Nc5 25. b4 Nd7 26. b5 {1-0 Legg,J (1735)-Manaschev,E (800) IECG TE.2005.P.01802 email}) 16... Qb6 17. Bc3 Bb7 18. Red1 Ba6 19. b3 h6 20. Rab1 f5 21. Nd2 Bxe2 22. Re1 Bd3 23. Qb2 Bxb1 24. Qxb1 Qa7 25. f4 Nf3+ 26. Nxf3 Bxc3 27. Re6 Bf6 28. Re2 c4+ 29. Kh2 cxb3 30. axb3 Qb6 31. Nd2 Ra1 32. Nc4 Rxb1 33. Nxb6 Rxb6 34. g4 fxg4 35. hxg4 R6xb3 36. Rc2 R1b2 37. Rc8+ Kf7 38. Rc1 Rb1 39. Rc2 R1b2 40. Rc1 Rb1 41. Rc2 $19 1/2-1/2

[Event "360 One Wealth GP-4 2024"]
[Site "Mumbai"]
[Date "2024.03.17"]
[Round "7.8"]
[White "Pasbola Samvid"]
[Black "Soni Deepak R"]
[Result "1-0"]
[ECO "B19"]
[WhiteElo "1538"]
[BlackElo "1681"]
[Annotator "NA RC"]
[PlyCount "127"]
[EventDate "2024.03.10"]
[EventCountry "IND"]
[SourceTitle "playchess.com"]
[Source "ChessBase"]
[SourceQuality "1"]
[TimeControl "5400+30"]

1. e4 c6 2. d4 d5 3. Nc3 dxe4 4. Nxe4 Bf5 5. Ng3 Bg6 6. h4 h6 7. Nf3 Nd7 8. Bd3 Bxd3 9. Qxd3 e6 10. Bd2 Ngf6 11. O-O-O Be7 12. Kb1 O-O 13. Ne4 Nxe4 14. Qxe4 Nf6 15. Qe2 Qd5 16. Rhe1 b5 17. Ne5 Nd7 18. Qg4 f5 19. Qg3 Nxe5 20. dxe5 Qc4 21. Bxh6 Qg4 22. Qxg4 fxg4 23. Be3 Bxh4 24. g3 Bd8 25. Rd6 Bb6 26. Bxb6 axb6 27. Rxc6 Rxf2 28. Rxe6 Rg2 29. Rxb6 Rxg3 30. Rxb5 Rf8 31. e6 Re3 32. Rg1 Rxe6 33. Rb4 g3 34. Rg4 Rf3 35. a3 Ree3 36. Ka2 Kf7 37. a4 Kf6 38. a5 g5 39. a6 Re6 40. Ra4 Re8 41. a7 Ra8 42. Ra5 Kg6 43. b4 Kh5 44. b5 Kh4 45. b6 Rf7 46. c4 Rb7 47. Rb5 Kh3 48. Rxg5 Rxb6 49. R5xg3+ Kh2 50. R3g2+ Kh3 51. Rg7 Kh2 52. R1g6 Rxa7+ 53. Rxa7 Rxg6 54. Rf7 Rb6 55. Ka3 Kg3 56. Ka4 Kg4 57. c5 Rb1 58. c6 Kg5 59. Rb7 Rc1 60. Kb5 Kf6 61. Kb6 Ke6 62. Kc7 Ke7 63. Kc8+ Kd6 64. c7 1-0

[Event "360 One Wealth GP-4 2024"]
[Site "Mumbai"]
[Date "2024.03.17"]
[Round "7.9"]
[White "Butala Krish"]
[Black "Vihaan Ravi Rao"]
[Result "1-0"]
[ECO "B84"]
[WhiteElo "1659"]
[BlackElo "1532"]
[Annotator "NA RC"]
[PlyCount "119"]
[EventDate "2024.03.10"]
[EventCountry "IND"]
[SourceTitle "playchess.com"]
[Source "ChessBase"]
[SourceQuality "1"]
[TimeControl "5400+30"]

1. e4 c5 2. Nf3 d6 3. d4 cxd4 4. Nxd4 Nf6 5. Nc3 a6 6. Be3 e6 7. Qd2 Be7 8. Be2 Qc7 9. f4 O-O 10. g4 b5 11. a3 Bb7 12. Bf3 Nc6 13. g5 Nd7 14. Nce2 Nb6 15. b3 Nxd4 16. Nxd4 d5 17. e5 Rac8 18. h4 Qc3 19. Qxc3 Rxc3 20. Bd2 Rc7 21. Ba5 Bc5 22. c3 Bxd4 23. cxd4 Rc6 24. Rh3 Rfc8 25. Bd1 Nd7 26. h5 Rc1 27. Rxc1 Rxc1 28. Bc3 Nb8 29. Kd2 Rb1 30. Kc2 Rxd1 31. Kxd1 Nc6 32. Ke2 g6 33. h6 Kf8 34. Ke3 Ke8 35. Rh2 Kd7 36. Rc2 a5 37. Be1 Bc8 38. Rc5 Ba6 39. Bc3 a4 40. bxa4 bxa4 41. f5 Bc4 42. f6 Kc7 43. Rxc4 dxc4 44. d5 exd5 45. e6 Nb8 46. Be5+ Kd8 47. e7+ Ke8 48. Bxb8 c3 49. Kd3 d4 50. Be5 c2 51. Kxc2 d3+ 52. Kxd3 Kd7 53. Kc4 Ke8 54. Kb5 Kd7 55. Kxa4 Ke8 56. Kb4 Kd7 57. a4 Ke8 58. a5 Kd7 59. a6 Kc8 60. e8=Q# 1-0

[Event "360 One Wealth GP-4 2024"]
[Site "Mumbai"]
[Date "2024.03.17"]
[Round "7.10"]
[White "Muthe Dhruv"]
[Black "Pawar Sohum"]
[Result "1-0"]
[ECO "C65"]
[WhiteElo "1539"]
[BlackElo "1657"]
[Annotator "NA RC"]
[PlyCount "109"]
[EventDate "2024.03.10"]
[EventCountry "IND"]
[SourceTitle "playchess.com"]
[Source "ChessBase"]
[SourceQuality "1"]
[TimeControl "5400+30"]

1. e4 e5 2. Nf3 Nc6 3. Bb5 Nf6 4. O-O Bc5 5. c3 O-O 6. d4 Bb6 7. Bg5 h6 8. Bh4 g5 9. Nxg5 hxg5 10. Bxg5 Kg7 11. f4 Nxd4 12. cxd4 Bxd4+ 13. Qxd4 exd4 14. e5 Nd5 15. Bxd8 Rxd8 16. Nd2 Ne3 17. Rf3 d6 18. Rg3+ Kf8 19. Bd3 c5 20. exd6 Bf5 21. Bxf5 Nxf5 22. Rg5 Nxd6 23. Rxc5 b6 24. Rd5 Nb7 25. Rxd8+ Rxd8 26. Rd1 Nc5 27. Nf3 d3 28. Kf2 Na4 29. Rd2 Rc8 30. Ke3 Rc2 31. b3 Nc3 32. Kxd3 Rxd2+ 33. Nxd2 Nxa2 34. Kc4 a6 35. Kd5 Nb4+ 36. Kd6 Kg7 37. g3 Kf6 38. g4 b5 39. Ne4+ Kg7 40. f5 Nd3 41. h4 a5 42. Nc5 Nc1 43. g5 b4 44. h5 Ne2 45. Ke7 Nf4 46. h6+ Kg8 47. Ne4 Nd5+ 48. Kd6 Ne3 49. Ke5 Kh8 50. Nf6 a4 51. g6 fxg6 52. fxg6 Ng4+ 53. Nxg4 axb3 54. Nf6 b2 55. g7# 1-0

[Event "360 One Wealth GP-4 2024"]
[Site "Mumbai"]
[Date "2024.03.17"]
[Round "7.11"]
[White "Nirvaan Nirav Shah"]
[Black "Palaash Suyog Mapara"]
[Result "1-0"]
[ECO "B13"]
[WhiteElo "1625"]
[BlackElo "1521"]
[Annotator "NA RC"]
[PlyCount "121"]
[EventDate "2024.03.10"]
[EventCountry "IND"]
[SourceTitle "playchess.com"]
[Source "ChessBase"]
[SourceQuality "1"]
[TimeControl "5400+30"]

1. e4 c6 2. d4 d5 3. exd5 cxd5 4. Bd3 Nf6 5. h3 e6 6. c3 Bd6 7. Nf3 h6 8. O-O Nc6 9. Re1 Qc7 10. Qe2 O-O 11. Nbd2 Re8 12. Ne5 Bxe5 13. dxe5 Nd7 14. Nf3 f5 15. g4 Nf8 16. Qc2 Qf7 17. Kg2 Ne7 18. g5 h5 19. Nd4 a6 20. Qb3 Nc6 21. Nxc6 bxc6 22. f4 g6 23. Be3 Qb7 24. Qxb7 Bxb7 25. a4 Nd7 26. b4 Rec8 27. Bc5 Kf7 28. Kf2 Kg7 29. Ke3 Kf7 30. Kd4 Kg7 31. Rab1 Kf7 32. Rb2 Kg7 33. Rc1 Kf7 34. c4 dxc4 35. Bxc4 Rd8 36. Bd6 Nb6 37. Bb3 Rd7 38. Re2 Re8 39. h4 Rg8 40. a5 Nc8 41. Kc5 Na7 42. Ba4 Rh8 43. Rd2 Re8 44. Rcd1 Red8 45. Bc7 Rxd2 46. Bxd8 Rxd1 47. Bxd1 Ke8 48. Kb6 Kxd8 49. Kxa7 Kc7 50. Be2 c5 51. bxc5 Bc6 52. Bxa6 Bd7 53. Bc4 Bc8 54. c6 Kxc6 55. Kb8 Bd7 56. a6 Kc5 57. a7 Bc6 58. Bxe6 Kd4 59. a8=Q Bxa8 60. Kxa8 Ke4 61. Bc4 1-0

[Event "360 One Wealth GP-4 2024"]
[Site "Mumbai"]
[Date "2024.03.17"]
[Round "7.12"]
[White "Prranamya S Panagaonkar"]
[Black "Dodhiya Punit"]
[Result "0-1"]
[ECO "A85"]
[WhiteElo "1471"]
[BlackElo "1624"]
[Annotator "NA RC"]
[PlyCount "82"]
[EventDate "2024.03.10"]
[EventCountry "IND"]
[SourceTitle "playchess.com"]
[Source "ChessBase"]
[SourceQuality "1"]
[TimeControl "5400+30"]

1. c4 e6 2. d4 f5 3. Nf3 Nf6 4. Nc3 Bb4 5. Bd2 b6 6. e3 Bb7 7. Bd3 O-O 8. O-O d6 9. a3 Bxc3 10. Bxc3 Ne4 11. Rc1 Rf6 12. Nd2 Rh6 13. Bxe4 fxe4 14. Qg4 Qe7 15. f4 exf3 16. Nxf3 Nd7 17. Qg5 Nf6 18. Rf2 Qd7 19. Nd2 Rg6 20. Qh4 Qe8 21. Rcf1 Rg4 22. Qh3 Qg6 23. d5 e5 24. Qf3 Bc8 25. b4 Bd7 26. Kh1 Rg5 27. Qe2 Bg4 28. Qe1 Rh5 29. h3 Qh6 30. Kg1 Bd7 31. Rf3 Re8 32. Qg3 Rg5 33. Qh2 Qg6 34. R1f2 Rh5 35. Rg3 Qh6 36. Nf1 Ne4 37. Be1 Nxf2 38. Bxf2 Rf8 39. e4 Qc1 40. Rf3 Rxf3 41. gxf3 Bxh3 0-1

[Event "360 One Wealth GP-4 2024"]
[Site "Mumbai"]
[Date "2024.03.17"]
[Round "7.14"]
[White "Milind Parle"]
[Black "Mukul Samir Rane"]
[Result "1-0"]
[ECO "C65"]
[WhiteElo "1642"]
[BlackElo "1506"]
[Annotator "NA RC"]
[PlyCount "41"]
[EventDate "2024.03.10"]
[EventCountry "IND"]
[SourceTitle "playchess.com"]
[Source "ChessBase"]
[SourceQuality "1"]
[TimeControl "5400+30"]

1. e4 e5 2. Nf3 Nc6 3. Bb5 Bc5 4. O-O Nf6 5. c3 d5 6. Nxe5 Qd6 7. d4 dxe4 8. Nxc6 bxc6 9. dxc5 Qxc5 10. Be2 h5 11. Be3 Qe5 12. Qd4 Qf5 13. Qc5 Qg6 14. Qxc6+ Ke7 15. Bc5+ Kd8 16. Rd1+ Nd7 17. Qxa8 h4 18. h3 Qg5 19. Be3 Qg6 20. Qd5 f5 21. Bb5 1-0

[Event "360 One Wealth GP-4 2024"]
[Site "Mumbai"]
[Date "2024.03.17"]
[Round "7.15"]
[White "Sunil, Vaidya"]
[Black "Nova Ayer Juyal"]
[Result "1-0"]
[ECO "D45"]
[WhiteElo "1640"]
[BlackElo "1486"]
[Annotator "NA RC"]
[PlyCount "70"]
[EventDate "2024.03.10"]
[EventCountry "IND"]
[SourceTitle "playchess.com"]
[Source "ChessBase"]
[SourceQuality "1"]
[TimeControl "5400+30"]

1. d4 d5 2. c4 c6 3. Nf3 Nf6 4. e3 e6 5. a3 Bd6 6. Nc3 Nbd7 7. cxd5 cxd5 8. Bd3 O-O 9. O-O a6 10. b4 Re8 11. Bb2 b6 12. Qc2 Bb7 13. Rac1 Rc8 14. Qe2 a5 15. Nb5 Qe7 16. Nxd6 Qxd6 17. Ne5 axb4 18. axb4 Qxb4 19. Rb1 Qe7 20. Bb5 Red8 21. Qd3 Nxe5 22. dxe5 Ne4 23. f3 Nc5 24. Qd1 Bc6 25. Be2 Rc7 26. Bd4 Rdc8 27. Rxb6 Rb7 28. Rxb7 Bxb7 29. Qb1 h6 30. Rc1 Na6 31. Rf1 Nc5 32. Qb6 Qc7 33. Bxc5 Qxc5 34. Qxb7 Qxe3+ 35. Kh1 Ra8 1-0